cohdb
Replays
Latest Replays
All Replays
Popular Replays
Top Player Replays
Match Explorer
How It Works
Community
CoH3 Stats
Reddit
Sign in to upload your games and track your stats! →
Sign in with Steam
Match 40541599
Unlisted
Match 40541599
Overview
Messages
Build Orders
End
Selects Breakthrough Battlegroup
Construct Infanterie Kompanie
Grenadier Squad
MG 42 Machine Gun Team
Grenadier Squad
Selects Assault Grenadiers
Construct Panzergrenadier Kompanie
Panzergrenadier Squad
Medical Station
Selects 2.5-tonne Cargo Truck
Support Elements
StuG III G Assault Gun
Medical Bunker
Construct Panzer Kompanie
Selects Blitzkrieg
2.5-tonne Cargo Truck
2.5-tonne Cargo Truck
Stoßtruppen Squad
2.5-tonne Cargo Truck
Stoßtruppen Squad
Stoßtruppen Squad
Selects Tiger Heavy Tank
Tiger Heavy Tank
Blitzkrieg
Selects Breakthrough
Selects Mechanized Assault Group
Mechanized Assault Group
Sturmpanzer IV Brummbär
Austriak
Eryk_95
CPU-Limonov
Yung Fuccboi
ItsBrettos
vonAJ
0
0
Comments
sign in to comment!
No comments posted yet!